Map: Orbital Shipyard

Players

Paradox

  • Race: Terran Terran
  • League: Diamond

xKawaiian

  • Race: Terran Terran
  • League: Master

Shloopy (xKawaiian)

  • Race: Terran Terran
  • League: Master

Schnitzel

  • Race: Terran Terran
  • League: Grandmaster

VOD

Have the link to the VOD?

Description

Time

  • Played on: Jan. 12, 2016, 10:23 p.m.
  • Length: 4:33
Show
View Real Time Build Order
Export as new Build Order

Paradox Terran 

Build Orders:  

Get SALT Encoding   

  12  0:01  SCV  
  13  0:13  SCV  
  14  0:17  Supply Depot  
  14  0:25  SCV  
  15  0:36  Refinery  
  15  0:39  SCV  
  16  0:45  Barracks  
  16  0:52  SCV  
  17  1:04  SCV  
  17  1:05  Refinery  
  18  1:17  SCV  
  19  1:32  Reaper  
  21  1:33  Supply Depot, Orbital Command  
  20  1:48  Factory  
  21  2:01  SCV  
  21  2:04  Reaper  
  22  2:13  SCV  
  23  2:25  SCV  
  24  2:32  Hellion, Starport  
  24  2:36  Reaper  
  27  2:41  SCV  
  28  2:53  Command Center  
  30  2:58  Hellion  
  30  3:03  SCV  
  30  3:09  Starport Tech Lab  
  30  3:11  Barracks Reactor  
  31  3:22  Factory Tech Lab  
  31  3:23  Hellion  
  31  3:28  SCV  
  31  3:39  Supply Depot  
  31  3:40  Barracks Reactor  
  30  3:48  Factory Tech Lab  
  35  4:18  Supply Depot  
Show
View Real Time Build Order
Export as new Build Order

xKawaiian Terran 

Build Orders: 1/1/1, Cyclone Opening 

Get SALT Encoding   

  12  0:01  SCV  
  13  0:13  SCV  
  14  0:18  Supply Depot  
  14  0:25  SCV  
  15  0:39  SCV  
  15  0:40  Barracks  
  16  0:45  Refinery  
  16  0:51  SCV  
  16  0:53  Refinery  
  17  1:03  SCV  
  18  1:15  SCV  
  19  1:27  Marine  
  19  1:29  Orbital Command  
  20  1:33  Factory  
  20  1:42  Supply Depot  
  20  1:47  Marine  
  21  1:55  SCV  
  22  2:05  Marine  
  22  2:07  SCV  
  24  2:18  Factory Tech Lab, Starport  
  24  2:19  SCV  
  25  2:24  Marine  
  26  2:30  Supply Depot  
  26  2:31  SCV  
  27  2:39  Cyclone  
  27  2:42  Marine  
  31  2:51  SCV  
  31  2:54  Medivac  
  34  3:01  Supply Depot  
  34  3:03  SCV  
  35  3:07  Marine  
  35  3:12  Siege Tank  
  39  3:22  SCV, Liberator  
  39  3:25  Marine  
  41  3:29  Supply Depot  
  41  3:34  SCV  
  45  3:43  Marine  
  45  3:46  SCV  
  47  4:00  Command Center  
  47  4:08  SCV  
  48  4:12  Supply Depot  
  51  4:33  Engineering Bay  
Show
View Real Time Build Order
Export as new Build Order

Shloopy Terran 

Build Orders:  

Get SALT Encoding   

Show
View Real Time Build Order
Export as new Build Order

Schnitzel Terran 

Build Orders:  

Get SALT Encoding   

Tags
 
Add a new tag
Caveats
  • Supply blocks, unpowered buildings, or Contaminate may cause inaccurate times.
  • Supply counts are checked every 10 seconds.